 Dungeon Crawl Stone Soup version 0.19.0 (webtiles) character file.

234 Danakh the Chopper (level 5, -2/41 HPs)
             Began as a Demonspawn Fighter on Nov 12, 2016.
             Killed by divine providence
             ... invoked by an orc priest
              (11 damage)
             ... on level 4 of the Dungeon.
             The game lasted 00:05:11 (2913 turns).

Danakh the Chopper (Demonspawn Fighter)             Turns: 2913, Time: 00:05:12

Health: -2/41      AC:  9    Str: 18    XL:     5   Next: 75%
Magic:  5/5        EV:  5    Int:  9    God:
Gold:   113        SH:  9    Dex: 12    Spells: 0 memorised, 4 levels left

rFire  + . .     SeeInvis .     a - +0 war axe
rCold  . . .     Gourm    .     m - +0 chain mail
rNeg   . . .     Faith    .     c - +0 shield
rPois  .         Spirit   .     (no helmet)
rElec  .         Reflect  .     (no cloak)
rCorr  .         Harm     .     (no gloves)
MR     .....                    (no boots)
Stlth  ..........               (no amulet)
                                (no ring)
                                (no ring)

@: no status effects
A: fire resistance 1, flame cloud immunity
a: no special abilities


You were on level 4 of the Dungeon.
You were not hungry.

You visited 1 branch of the dungeon, and saw 4 of its levels.

You collected 113 gold pieces.

Inventory:

Hand Weapons
 a - a +0 war axe (weapon)
Armour
 b - a +0 scale mail
 c - a +0 shield (worn)
 m - a +0 chain mail (worn)
Wands
 n - a wand of paralysis (17/24)
Scrolls
 e - a scroll of random uselessness {unknown}
 i - 2 scrolls of teleportation {unknown}
 j - a scroll of blinking {unknown}
 o - a scroll of fog {unknown}
 r - 2 scrolls of remove curse {unknown}
 s - a scroll of recharging {unknown}
 t - a scroll of amnesia {unknown}
 v - a scroll of identify {unknown}
Potions
 d - a potion of might
 g - 2 potions of curing
 h - a potion of lignification {unknown}
 l - 2 potions of berserk rage {unknown}
 p - a potion of brilliance {unknown}
 q - a potion of haste {unknown}
Books
 u - a book of Callings

   Spells                             Type                      Level
   a - Summon Small Mammal            Summoning                    1
   b - Call Imp                       Summoning                    2
   c - Call Canine Familiar           Summoning                    3
   d - Summon Guardian Golem          Hexes/Summoning              3
   e - Summon Lightning Spire         Summoning/Air                4
   f - Summon Ice Beast               Ice/Summoning                4
Comestibles
 f - 3 bread rations
 k - 2 fruits


   Skills:
 + Level 3.5 Fighting
 + Level 3.7 Axes
 + Level 3.5 Armour
 + Level 0.6 Dodging
 + Level 0.2 Stealth
 + Level 3.6 Shields


You had 4 spell levels left.
You didn't know any spells.

Dungeon Overview and Level Annotations

Branches:
Dungeon (4/15)
 Temple: D:4-7

Altars:
Xom


Innate Abilities, Weirdness & Mutations

Your flesh is heat resistant. (rF+)
You are immune to clouds of flame.


Message History

The orc is heavily wounded.
The orc hits you but does no damage.
The orc priest invokes the aid of Beogh against you.
Beogh smites you!
* * * LOW HITPOINT WARNING * * *
Unknown command.
You are too injured to fight recklessly!
Unknown command.
You are too injured to fight recklessly!
Unknown command.
You are too injured to fight recklessly!
Unknown command.
Okay, then.
The orc priest looks braver for a moment.
The orc hits you with a hand axe.
* * * LOW HITPOINT WARNING * * *
There is a stone staircase leading up here.
The orc priest mumbles some strange prayers to Beogh against you.
Beogh smites you!
You die...

### #.o#####.#
#.....##.#
##.##o##.#
###.##.##.#
#.........#
#.####..######..
#. ##o#.#....... #
#.o..........
#.@#.#.......
#.#.##..#.######..
..........#
........###
........#
.##.##.## #. #. .
.. . #.#


You could see an orc priest and 2 orcs.

Vanquished Creatures
  2 orc wizards (D:3)
  3 gnolls (D:2)
  6 adders
  3 oozes
  3 worms (D:2)
  2 dart slugs
  3 leopard geckos
  4 orcs (D:3)
  3 ball pythons (D:1)
  2 giant cockroaches (D:3)
  7 goblins
  7 hobgoblins
  8 bats
  9 frilled lizards
  5 kobolds
  9 rats
76 creatures vanquished.

Notes
Turn   | Place    | Note
-------+----------+-------------------------------------------
     0 | D:1      | Danakh the Demonspawn Fighter began the quest for the Orb.
     0 | D:1      | Reached XP level 1. HP: 18/18 MP: 1/1
   131 | D:1      | Gained mutation: Your flesh is heat resistant. (rF+) [demonic ancestry]
   131 | D:1      | Reached XP level 2. HP: 21/24 MP: 2/2
   532 | D:1      | Reached XP level 3. HP: 27/29 MP: 3/3
  1090 | D:2      | Gained mutation: You are immune to clouds of flame. [demonic ancestry]
  1090 | D:2      | Reached XP level 4. HP: 26/35 MP: 4/4
  1793 | D:3      | Reached XP level 5. HP: 41/41 MP: 5/5
  2622 | D:3      | Found a shimmering altar of Xom.
  2913 | D:4      | Killed from afar by an orc priest

Skill      XL: |  1  2  3  4 |
---------------+-------------+-----
Armour         | 3 |  3.5
Axes           | 2 3 |  3.7
Shields        | 3 |  3.6
Fighting       | |  3.5
Dodging        | |  0.6
Stealth        | |  0.2

Action                   |  1- 3 |  4- 6 || total
-------------------------+-------+-------++-------
Melee: War axe           |   153 |   155 ||   308
  Use: Potion            |       |     1 ||     1
  Eat: Chunk             |     1 |     6 ||     7
Armor: Scale mail        |    71 |       ||    71
       Chain mail        |    25 |    94 ||   119
Dodge: Dodged            |    62 |    22 ||    84
Block: Shield            |    88 |    74 ||   162
